 Dungeon Crawl Stone Soup version 0.28.0-47-ge53b351184 (webtiles) character file.

Game seed: 14823797895877047465

40 Exodus22XD the Covered (level 3, 33/33 HPs)
             Began as a Minotaur Fighter on May 8, 2022.
             Was a Follower of Wu Jian.
             Quit the game on level 1 of the Dungeon.
             The game lasted 00:01:02 (1057 turns).

Exodus22XD the Covered (Minotaur Fighter)           Turns: 1057, Time: 00:01:03

Health: 33/33      AC:  7    Str: 22    XL:     3   Next: 30%
Magic:  2/2        EV:  9    Int:  5    God:    Wu Jian [*.....]
Gold:   17         SH:  4    Dex:  9    Spells: 2/2 levels left

rFire   . . .      SeeInvis .   a - +0 war axe
rCold   . . .      Faith    .   c - +0 buckler
rNeg    . . .      Spirit   .   b - +0 scale mail
rPois   .          Reflect  .   (helmet restricted)
rElec   .          Harm     .   (no cloak)
rCorr   .          Rampage  .   (no gloves)
Will    .....                   (no boots)
Stlth   ..........              (no amulet)
HPRegen 0.11/turn               (no ring)
MPRegen 0.08/turn               (no ring)

@: no status effects
A: horns 2, retaliatory headbutt
a: Renounce Religion


You were on level 1 of the Dungeon.
You worshipped Wu Jian.
Wu Jian was aware of your devotion.
You visited 1 branch of the dungeon, and saw 1 of its levels.

You collected 17 gold pieces.

Inventory:

Hand Weapons
 a - a +0 war axe (weapon)
Armour
 b - a +0 scale mail (worn)
 c - a +0 buckler (worn)
Scrolls
 e - 2 scrolls of magic mapping {unknown}
Potions
 d - a potion of might
 f - a potion of curing {unknown}


   Skills:
 + Level 4.1 Fighting
 + Level 3.0 Axes
 + Level 4.2 Armour
 + Level 4.1 Shields


You had 2 spell levels left.
You didn't know any spells.
Your spell library contained the following spells:

 Spells                   Type           Power      Damage    Failure   Level
 Blink                    Tloc           0%         N/A       95%         2
 Lesser Beckoning         Tloc           0%         N/A       99%         3
 Manifold Assault         Tloc           0%         N/A       100%        5


Dungeon Overview and Level Annotations

Branches:
Dungeon (1/15)

Altars:
Wu Jian


Innate Abilities, Weirdness & Mutations

You have a pair of horns on your head.
You reflexively headbutt those who attack you in melee.


Message History

Found a stone staircase leading down.
Found a robe.
No target in view!
Found a club.
No target in view!
Key pressed, stopping explore.
No target in view!
You see here a +0 dagger.
Key pressed, stopping explore.
No target in view!
Okay, then.
You see here a +0 robe.
Found 21 sling bullets.
You now have 17 gold pieces (gained 12).
Key pressed, stopping explore.
No target in view!
No target in view!
No target in view!
Done exploring.
No target in view!
Done exploring.
No target in view!
No target in view!
Done exploring.
There is a stone staircase leading down here.
There is an open door here.
There is an open door here.
There is a faded altar of an unknown god here.
There is an open door here.
There is an open door here.
There is an open door here.
There is a faded altar of an unknown god here.
You cannot tell which god this altar belongs to.
Convert to them anyway?
Wu Jian accepts your prayer! The Council welcomes you!
You can now perform damaging attacks by moving towards foes.
You can now lightly attack monsters by moving around them.
There is an open door here.
There is an open door here.
Are you sure you want to abandon this character and quit the game? (Confirm with "yes".)

.....#..........).....#.....#....
####'######.##..)..##.#.....#..⌠.
#P...P##.##..#..##.#.....#....
#8###.#.......^.##.#.....'....
#..P#.##..#........#.....###+#
##.#.#.###.##.#.#####......#...
##..#P'.# #.##.#.# #..##.##.8.
##._.#######.##.#.#####..##.##...
.#..##.####.#.#.@>....#..##..####
.#.##......###....###.#..####.#
P..#..#####.#.##### #.#..####.###
##8#.## ##.########.#..........
...#.# #..........).#####.###
##'#.# ##########...........†
#...# ############# #####


There were no monsters in sight!

Vanquished Creatures
  A gnoll (D:1)
  A ball python (D:1)
  5 bats (D:1)
  2 endoplasms (D:1)
  A giant cockroach (D:1)
  5 goblins (D:1)
  2 hobgoblins (D:1)
  3 kobolds (D:1)
  2 quokkas (D:1)
  2 frilled lizards (D:1)
  3 rats (D:1)
27 creatures vanquished.

Vanquished Creatures (others)
  37 plants (D:1)
37 creatures vanquished.

Grand Total: 64 creatures vanquished

Notes
Turn   | Place    | Note
-------+----------+-------------------------------------------
     0 | D:1      | Exodus22XD the Minotaur Fighter began the quest for the
                  | Orb.
     0 | D:1      | Reached XP level 1. HP: 19/19 MP: 0/0
    86 | D:1      | Reached XP level 2. HP: 15/27 MP: 1/1
   353 | D:1      | Found a faded altar of an unknown god.
   430 | D:1      | Reached XP level 3. HP: 28/33 MP: 2/2
  1028 | D:1      | Prayed at the altar of an unknown god.
  1028 | D:1      | Became a worshipper of the Wu Jian Council
  1028 | D:1      | Reached * piety under Wu Jian
  1057 | D:1      | Quit the game

Illustrated notes

Levels and vault maps discovered:
D:1:      minmay_arrival_stair_chambers, layout_loops_ring,
          shapermc_ecumenical_altar_ellora, minmay_hedge_maze, kennysheep_boxes

Skill      XL: |  1  2  3 |
---------------+----------+-----
Fighting       | 4 |  4.1
Armour         | 4 |  4.2
Shields        | 4 |  4.1
Axes           | 3 |  3.0

Action                   || total
-------------------------++-------
Melee: War axe           ||    56
       Headbutt          ||     6
Armor: Scale mail        ||    34
Dodge: Dodged            ||    27
Block: Buckler           ||    16
